 Dungeon Crawl Stone Soup version 0.22.1-1-ga44c0e5 (webtiles) character file.

1850 Fang the Chopper (level 9, -5/84 HPs)
             Began as a Gargoyle Berserker on Sept 21, 2018.
             Was an Elder of Trog.
             Slain by a chaos spawn (9 damage)
             ... summoned by a kobold demonologist
             ... in a bailey.
             The game lasted 00:07:23 (7187 turns).

Fang the Chopper (Gargoyle Berserker)               Turns: 7187, Time: 00:07:23

Health: -5/84      AC: 12    Str: 29    XL:     9   Next: 12%
Magic:  9/9        EV: 14    Int:  8    God:    Trog [****..]
Gold:   470        SH:  0    Dex:  9    Spells: 8/8 levels left

rFire    . . .     SeeInvis .   a - +0 hand axe
rCold    . . .     Gourm    .   (no shield)
rNeg     + . .     Faith    .   b - +0 animal skin
rPois    ∞         Spirit   .   (no helmet)
rElec    +         Reflect  .   k - +2 cloak
rCorr    .         Harm     .   v - +0 pair of gloves
MR       +....                  (no boots)
Stlth    ..........             (no amulet)
HPRegen  0.24/turn              r - ring of protection from magic
MPRegen  0.11/turn              p - ring of stealth

@: berserking, very quick
A: negative energy resistance 1, electricity resistance, unbreathing,
petrification resistance, rot immunity, AC +6
a: Berserk, Trog's Hand, Brothers in Arms, Renounce Religion


You were in a bailey.
You worshipped Trog.
Trog was greatly pleased with you.
You were not hungry.

You visited 2 branches of the dungeon, and saw 8 of its levels.
You also visited: Bailey.

You collected 470 gold pieces.

Inventory:

Hand Weapons
 a - a +0 hand axe (weapon)
Armour
 b - a +0 animal skin (worn)
 k - a +2 cloak (worn)
 v - a +0 pair of gloves (worn)
Jewellery
 p - a ring of stealth (right hand)
 r - a ring of protection from magic (left hand)
 y - an uncursed ring of fire
Wands
 u - a wand of acid (9)
 x - a wand of enslavement (11)
Scrolls
 d - 5 scrolls of identify {unknown}
 f - 4 scrolls of remove curse
 g - 2 scrolls of random uselessness {unknown}
 h - 9 scrolls of teleportation {unknown}
 m - 3 scrolls of enchant weapon {unknown}
 o - a scroll of blinking {unknown}
 s - a scroll of acquirement {unknown}
 w - a scroll of amnesia {unknown}
 z - a scroll of enchant armour {unknown}
 A - a scroll of holy word {unknown}
Potions
 e - a potion of invisibility {unknown}
 i - a potion of heal wounds {unknown}
 j - a potion of magic {unknown}
 l - 2 potions of curing {unknown}
 n - 2 potions of might {unknown}
 q - a potion of lignification {unknown}
 t - 2 potions of flight {unknown}
Comestibles
 c - 16 rations


   Skills:
 + Level 6.6 Fighting
 + Level 7.8 Axes
 + Level 2.4 Armour
 + Level 4.9 Dodging
 + Level 3.2 Stealth


You had 8 spell levels left.
You didn't know any spells.
Your spell library was empty.

Dungeon Overview and Level Annotations

Branches:
Dungeon (7/15)             Temple (1/1) D:5

Altars:
Ashenzari
Kikubaaqudgha
Makhleb
Ru
Trog
Vehumet
Zin


Innate Abilities, Weirdness & Mutations

You are resistant to torment.
Your stone body is resilient. (AC +6)
You are immune to poison.
You resist negative energy. (rN+)
You are resistant to electric shocks. (rElec)
You can survive without breathing.
You are immune to petrification.
You are immune to rotting.


Message History

You hit the chaos spawn. You barely miss the soul eater.
You closely miss the iron imp. You barely miss the gnoll.
You slash the orc high priest! The soul eater hits you!
* * * LOW HITPOINT WARNING * * *
The chaos spawn misses you.
The kobold demonologist mumbles some strange words.
The gnoll closely misses you.
You hit the kobold demonologist.
The kobold demonologist is almost dead.
You hit the chaos spawn but do no damage.
You hit the soul eater but do no damage.
You hit the iron imp but do no damage. You slash the gnoll!
You kill the gnoll!
Trog accepts your kill.
You hit the orc high priest. The soul eater hits you.
* * * LOW HITPOINT WARNING * * *
The chaos spawn gores you!
* * * LOW HITPOINT WARNING * * *
The chaos spawn freezes you!
You die...

###### #..))#
% ..))
###########
.....5.5..#+##
...._.oK4....+
......)@3..8.#
......5).....#
##########.8.#
#######.....#
#.....#...8.#
#.....#.....#
#..⌠..#..####
+.))).'..#
+...[)'..#


You could see a soul eater, an orc high priest, a kobold demonologist, a chaos
spawn, an iron imp, a crimson imp and a shadow imp.

Vanquished Creatures
  An ice beast (D:5)
  2 sky beasts (D:5)
  A black bear (D:6)
  A phantom (D:5)
  2 ogres
  A wyvern zombie (D:3)
  A bullfrog (D:6)
  2 scorpions
  4 wights (D:6)
  2 howler monkeys (D:4)
  An electric eel (Bailey)
  3 crimson imps
  A hound (D:6)
  A bullfrog skeleton (D:5)
  Jessica (D:2)
  3 iguanas
  An orc wizard (D:5)
  4 worker ants
  2 hound skeletons
  A howler monkey zombie (D:5)
  6 gnolls
  2 worker ant zombies
  10 adders
  A shadow imp (D:5)
  An ooze (D:6)
  3 adder zombies (D:5)
  2 worms (D:2)
  2 dart slugs
  3 leopard geckos
  16 orcs
  A ball python (D:3)
  5 bats
  8 giant cockroaches
  8 goblins
  8 hobgoblins
  4 jackals (D:5)
  8 kobolds
  2 quokkas
  2 frilled lizards
  A giant cockroach zombie (D:5)
  A jackal zombie (D:5)
  3 leopard gecko skeletons
  A leopard gecko zombie (D:5)
  A quokka skeleton (D:6)
  2 rats
136 creatures vanquished.

Vanquished Creatures (others)
  An orc (Bailey)
  A fungus (D:2)
  A plant (D:2)
3 creatures vanquished.

Grand Total: 139 creatures vanquished

Notes
Turn   | Place    | Note
-------+----------+-------------------------------------------
     0 | D:1      | Fang the Gargoyle Berserker began the quest for the Orb.
     0 | D:1      | Reached XP level 1. HP: 14/14 MP: 1/1
   186 | D:1      | Reached XP level 2. HP: 11/19 MP: 2/2
   664 | D:1      | Reached skill level 3 in Axes
   958 | D:2      | Reached XP level 3. HP: 18/24 MP: 3/3
  1057 | D:2      | Found a burning altar of Makhleb.
  1074 | D:2      | Reached ** piety under Trog
  1228 | D:2      | Found a shattered altar of Ashenzari.
  1232 | D:2      | Saw a vision of the Swamp and the Spider Nest.
  1232 | D:2      | Noticed a redback
  1232 | D:2      | Noticed a water moccasin
  1232 | D:2      | Noticed a hornet
  1232 | D:2      | Noticed a redback
  1232 | D:2      | Noticed a wolf spider
  1234 | D:2      | Noticed a wolf spider
  1235 | D:2      | Noticed a redback
  1235 | D:2      | Noticed a swamp drake
  1235 | D:2      | Noticed an alligator
  1403 | D:2      | Noticed Jessica
  1415 | D:2      | Killed Jessica
  1415 | D:2      | Reached XP level 4. HP: 21/29 MP: 4/4
  1891 | D:2      | Found a radiant altar of Vehumet.
  2291 | D:3      | Reached skill level 4 in Axes
  2291 | D:3      | Reached XP level 5. HP: 13/34 MP: 5/5
  2599 | D:3      | Found a sacrificial altar of Ru.
  3288 | D:4      | Reached XP level 6. HP: 15/39 MP: 6/6
  3290 | D:4      | Reached skill level 1 in Stealth
  3293 | D:4      | Reached skill level 5 in Axes
  3312 | D:4      | HP: 2/40 [adder (4)]
  3517 | D:4      | Reached *** piety under Trog
  4030 | D:4      | Reached skill level 5 in Fighting
  4030 | D:4      | Reached XP level 7. HP: 42/44 MP: 7/7
  4329 | D:5      | Entered Level 5 of the Dungeon
  4849 | D:5      | Reached skill level 6 in Axes
  4849 | D:5      | Reached XP level 8. HP: 4/50 MP: 8/8
  5075 | D:5      | Found a staircase to the Ecumenical Temple.
  5351 | Temple   | Entered the Ecumenical Temple
  5395 | D:5      | Reached **** piety under Trog
  5889 | D:6      | Reached skill level 7 in Axes
  6068 | D:6      | Found a bloodstained altar of Trog.
  6227 | D:6      | Found an ancient bone altar of Kikubaaqudgha.
  6228 | D:6      | Found a glowing silver altar of Zin.
  6253 | D:6      | Reached XP level 9. HP: 56/56 MP: 9/9
  6923 | D:7      | Found a flagged portal.
  6931 | Bailey   | Entered a bailey
  7169 | Bailey   | Found an iron altar of Okawaru.
  7169 | Bailey   | Noticed a kobold demonologist
  7172 | Bailey   | Noticed an orc high priest
  7180 | Bailey   | Noticed a soul eater
  7187 | Bailey   | HP: 4/84 [chaos spawn[a kobold demonologist] (9)]
  7187 | Bailey   | Slain by a chaos spawn

Skill      XL: |  1  2  3  4  5  6  7  8 |
---------------+-------------------------+-----
Axes           | 3 4 5 6 7 |  7.8
Fighting       | 4 5 6 |  6.6
Dodging        | 2 3 4 |  4.9
Stealth        | 1 2 3 |  3.2
Armour         | |  2.4

Action                   |  1- 3 |  4- 6 |  7- 9 || total
-------------------------+-------+-------+-------++-------
Melee: Hand axe          |    99 |   194 |   389 ||   682
Invok: Berserk           |       |     2 |     3 ||     5
  Use: Scroll            |       |       |     1 ||     1
 Stab: Sleeping          |       |     1 |     4 ||     5
  Eat: Chunk             |     2 |     9 |    12 ||    23
       Ration            |       |       |     1 ||     1
Armor: Animal skin       |    31 |    74 |   154 ||   259
Dodge: Dodged            |    60 |   126 |   247 ||   433
